Map: Frozen Temple

Players

Showtime - Winner!

  • Race: Protoss Protoss

Nerchio

  • Race: Zerg Zerg

Event: DreamHack Open Tours WCS Spring Championship

VOD

https://youtu.be/EBJAX5OvKrU?t=12m45s

Description

Time

  • Played on: May 16, 2016, 8:46 a.m.
  • Length: 17:53

All games in this series

Show
View Real Time Build Order
Export as new Build Order

Showtime Protoss - Winner!

Build Orders: 1 Gate Expand 

Get SALT Encoding   

  12  0:00  Probe (Chrono Boost)  
  13  0:11  Probe (Chrono Boost)  
  14  0:18  Pylon  
  14  0:22  Probe (Chrono Boost)  
  15  0:36  Probe (Chrono Boost)  
  15  0:38  Gateway  
  16  0:43  Assimilator  
  16  0:47  Probe (Chrono Boost)  
  17  0:57  Probe (Chrono Boost)  
  17  1:03  Gateway  
  18  1:08  Probe (Chrono Boost)  
  19  1:25  Cybernetics Core  
  19  1:41  Nexus  
  19  1:49  Pylon  
  23  2:02  Adept (Chrono Boost)  
  23  2:03  Adept (Chrono Boost)  
  23  2:04  Warp Gate  
  23  2:09  Assimilator  
  23  2:12  Probe  
  24  2:24  Probe  
  24  2:28  Adept (Chrono Boost)  
  29  2:30  Adept (Chrono Boost)  
  29  2:36  Probe  
  30  2:48  Probe  
  31  2:54  Adept (Chrono Boost)  
  31  2:55  Adept (Chrono Boost)  
  31  2:56  Probe  
  36  3:05  Mothership Core (Chrono Boost)  
  38  3:11  Probe (Chrono Boost)  
  35  3:17  Stargate  
  35  3:22  Probe (Chrono Boost)  
  35  3:24  Probe (Chrono Boost)  
  37  3:29  Pylon  
  37  3:32  Probe (Chrono Boost)  
  38  3:34  Probe (Chrono Boost)  
  39  3:43  Probe (Chrono Boost)  
  39  3:44  Pylon  
  39  3:45  Probe (Chrono Boost)  
  41  3:53  Probe (Chrono Boost)  
  42  3:55  Probe (Chrono Boost)  
  42  4:00  Phoenix (Chrono Boost)  
  42  4:02  Probe  
  45  4:07  Probe  
  45  4:08  Adept  
  45  4:09  Adept  
  51  4:13  Probe  
  52  4:19  Probe  
  52  4:23  Probe  
  55  4:24  Phoenix (Chrono Boost)  
  55  4:31  Probe  
  57  4:34  Probe  
  58  4:38  Nexus  
  58  4:42  Pylon  
  58  4:43  Probe  
  58  4:44  Probe  
  59  4:48  Pylon  
  60  4:58  Probe  
  62  5:00  Probe  
  62  5:03  Adept  
  62  5:05  Stalker  
  68  5:12  Probe  
  71  5:16  Probe  
  71  5:17  Pylon  
  72  5:24  Probe  
  72  5:27  Probe  
  73  5:29  Gateway  
  73  5:30  Phoenix (Chrono Boost)  
  73  5:33  Robotics Facility  
  73  5:35  Robotics Facility  
  72  5:36  Probe  
  72  5:38  Probe, Assimilator  
  72  5:39  Assimilator  
  72  5:42  Assimilator  
  74  5:48  Probe x2  
  74  5:49  Probe  
  75  5:51  Forge  
  77  5:59  Probe  
  77  6:00  Probe x2  
  77  6:03  Phoenix (Chrono Boost)  
  82  6:09  Probe, Protoss Ground Weapons Level 1  
  82  6:10  Probe  
  83  6:12  Probe  
  85  6:21  Probe  
  85  6:22  Immortal (Chrono Boost), Probe, Observer (Chrono Boost)  
  85  6:24  Probe  
  93  6:26  Pylon  
  93  6:28  Assimilator  
  93  6:29  Phoenix  
  95  6:33  Probe  
  95  6:34  Probe  
  95  6:37  Probe  
  98  6:40  Twilight Council  
  98  6:43  Pylon  
  98  6:45  Probe  
  98  6:47  Probe  
  100  6:59  Warp Prism (Chrono Boost)  
  106  7:01  Immortal (Chrono Boost)  
  106  7:06  Gateway  
  106  7:09  Pylon, Gateway  
  106  7:11  Gateway  
  106  7:15  Gateway  
  106  7:16  Gateway  
  106  7:17  Sentry x3  
  106  7:22  Charge (Chrono Boost)  
  112  7:24  Pylon  
  112  7:26  Pylon  
  112  7:34  Immortal, Pylon  
  112  7:37  Pylon  
  116  7:47  Zealot x3  
  122  7:51  Templar Archives  
  122  7:54  Immortal  
  126  8:08  Immortal  
  126  8:16  Photon Cannon  
  126  8:18  Pylon  
  130  8:20  Nexus  
  130  8:21  Pylon  
  130  8:22  Pylon  
  130  8:31  Photon Cannon  
  130  8:33  Immortal  
  134  8:36  Protoss Ground Weapons Level 2  
  134  8:40  Zealot, High Templar x4  
  134  8:41  Zealot x3  
  150  8:44  Immortal  
  150  8:45  Archon x2  
  150  8:46  Photon Cannon  
  150  8:47  Pylon  
  150  8:54  Pylon  
  154  9:06  Zealot x2, High Templar x2  
  162  9:12  Pylon  
  162  9:13  Archon  
  162  9:14  Immortal  
  166  9:18  Immortal  
  170  9:27  Zealot x3  
  176  9:36  Zealot, High Templar x2  
  182  9:41  Archon  
  182  9:51  Zealot x4  
  184  9:53  Immortal  
  186  10:01  Immortal  
  170  10:12  Zealot x2  
  170  10:13  Zealot x5  
  180  10:17  Oracle  
  183  10:25  High Templar  
  185  10:32  Observer  
  185  10:33  Zealot x4, High Templar  
  188  10:39  Photon Cannon  
  188  10:42  Photon Cannon  
  188  10:46  Archon  
  188  10:53  Zealot x4  
  188  10:54  Zealot x2  
  200  11:01  Gateway  
  200  11:03  Gateway  
  192  11:04  Pylon  
  192  11:05  Photon Cannon  
  166  11:21  Zealot x3  
  166  11:22  Zealot x5  
  166  11:24  Immortal  
  154  11:33  Probe  
  154  11:34  Probe x2  
  154  11:36  Immortal  
  161  11:40  Pylon  
  161  11:52  Zealot x2  
  161  11:53  Zealot x6, Protoss Ground Weapons Level 3  
  181  12:10  Nexus  
  181  12:13  Pylon  
  178  12:15  Observer  
  178  12:16  Zealot  
  178  12:17  Zealot  
  178  12:22  Zealot x2  
  172  12:23  Zealot x2  
  167  12:33  Zealot x2  
  155  12:40  Zealot x2  
  159  12:46  Zealot x2  
  161  12:52  Zealot x2  
  161  12:53  Mothership Core (Chrono Boost)  
  161  12:58  Zealot x2  
  169  13:01  Zealot x4  
  177  13:13  High Templar x4  
  177  13:21  Archon x2  
  177  13:29  Probe x4 (Chrono Boost)  
  177  13:31  Probe (Chrono Boost)  
  177  13:33  Blink (Chrono Boost)  
  182  13:36  High Templar x4  
  182  13:37  Zealot x2  
  182  13:40  Archon x2  
  185  13:45  Zealot  
  185  13:46  Zealot x3  
  185  13:58  Probe (Chrono Boost)  
  185  13:59  Probe (Chrono Boost)  
  187  14:04  High Templar x2  
  187  14:07  Pylon, Assimilator  
  187  14:08  Assimilator  
  191  14:11  Archon  
  191  14:16  Protoss Ground Armor Level 1  
  187  14:18  Pylon  
  185  14:24  Zealot x4  
  185  14:25  Zealot  
  191  14:37  Robotics Facility  
  189  14:38  Robotics Facility  
  189  14:43  Zealot x5  
  199  14:52  Dark Shrine  
  199  15:09  Assimilator x2  
  199  15:15  Psionic Storm  
  199  15:28  High Templar x4  
  186  15:37  Zealot x5  
  186  15:38  Zealot  
  188  15:49  Oracle  
  178  16:03  Zealot, High Templar x4  
  178  16:04  Zealot x2  
  188  16:07  Archon x2  
  188  16:26  Pylon, Nexus  
  188  16:31  Dark Templar  
  188  16:33  Pylon  
  188  16:35  Pylon  
  188  16:38  Dark Templar  
  188  16:52  Zealot x5, Dark Templar  
  198  17:16  Zealot x2  
  152  17:39  Zealot x2, Dark Templar  
  152  17:40  Zealot x5  
Show
View Real Time Build Order
Export as new Build Order

Nerchio Zerg 

Build Orders: Pool First, Lurkers 

Get SALT Encoding   

  12  0:00  Drone  
  13  0:12  Overlord  
  13  0:17  Drone  
  14  0:31  Drone x2  
  14  0:34  Drone  
  17  0:37  Extractor  
  16  0:47  Spawning Pool  
  15  0:51  Drone  
  15  0:56  Drone  
  17  1:18  Hatchery  
  16  1:21  Drone  
  17  1:33  Queen  
  17  1:37  Zergling x2  
  20  1:44  Metabolic Boost  
  20  1:48  Zergling x2  
  21  1:54  Overlord  
  21  1:59  Drone  
  22  2:12  Queen  
  22  2:14  Drone x2  
  26  2:27  Drone  
  27  2:35  Zergling x4  
  28  2:40  Zergling x4  
  28  2:41  Zergling x4  
  29  3:06  Drone x4, Hatchery  
  29  3:08  Drone  
  33  3:13  Overlord  
  33  3:16  Drone  
  33  3:18  Drone  
  35  3:23  Overlord  
  35  3:25  Drone  
  36  3:32  Drone  
  36  3:33  Drone x2  
  39  3:36  Drone  
  39  3:37  Drone  
  39  3:39  Drone  
  42  3:43  Drone  
  42  3:44  Drone  
  42  3:45  Drone  
  45  3:50  Overlord  
  45  3:55  Roach Warren  
  45  3:57  Drone  
  45  3:58  Drone  
  45  4:01  Extractor  
  45  4:03  Overlord  
  45  4:08  Overlord  
  44  4:26  Drone x2  
  44  4:27  Drone  
  47  4:33  Overlord, Queen  
  47  4:36  Roach x2  
  57  4:39  Roach x5  
  57  4:42  Drone x2  
  57  4:43  Drone  
  66  4:47  Drone  
  66  4:50  Drone x3  
  70  4:53  Overlord  
  70  4:55  Drone  
  70  4:56  Drone  
  70  4:58  Drone  
  73  5:01  Spore Crawler, Drone  
  73  5:04  Drone x2  
  75  5:07  Drone  
  75  5:12  Evolution Chamber, Lair  
  75  5:14  Drone  
  75  5:15  Drone  
  75  5:18  Drone  
  78  5:21  Drone  
  78  5:23  Spore Crawler, Drone  
  78  5:25  Drone  
  78  5:26  Extractor  
  78  5:27  Drone  
  78  5:28  Drone x2  
  81  5:32  Drone  
  81  5:33  Drone, Extractor  
  81  5:34  Extractor  
  82  5:36  Drone  
  82  5:38  Zerg Missile Weapons Level 1, Extractor  
  82  5:39  Spore Crawler  
  82  5:42  Drone  
  81  5:46  Drone x2  
  83  5:52  Drone x3  
  83  5:54  Drone  
  83  5:56  Overlord  
  87  5:57  Drone x3  
  87  5:59  Overlord  
  87  6:03  Overlord  
  88  6:04  Overlord  
  88  6:13  Drone  
  88  6:14  Drone  
  88  6:15  Queen x2, Hydralisk Den  
  92  6:21  Pneumatized Carapace  
  92  6:22  Drone x2  
  92  6:24  Evolution Chamber  
  93  6:30  Overlord  
  93  6:44  Hatchery  
  93  6:45  Hydralisk x5, Muscular Augments  
  93  6:46  Hydralisk  
  102  6:50  Zerg Melee Weapons Level 1  
  102  6:51  Hydralisk  
  104  6:55  Hydralisk  
  104  6:58  Drone x2  
  104  6:59  Drone  
  104  7:00  Drone  
  104  7:01  Drone  
  109  7:04  Drone x2  
  109  7:06  Drone x2  
  109  7:07  Drone  
  113  7:15  Drone x3  
  116  7:18  Hydralisk  
  118  7:24  Hydralisk  
  118  7:28  Hydralisk x5  
  130  7:34  Extractor  
  130  7:35  Spore Crawler  
  130  7:36  Hydralisk  
  128  7:38  Overlord x2  
  128  7:40  Overlord  
  128  7:43  Zerg Missile Weapons Level 2  
  130  7:46  Overlord  
  130  7:48  Overlord  
  130  7:50  Overlord  
  130  7:52  Overlord  
  130  7:57  Drone x2  
  130  7:58  Drone x3  
  132  8:00  Lurker Den  
  133  8:07  Hydralisk, Drone  
  133  8:08  Hydralisk x2  
  133  8:11  Zergling x6  
  143  8:14  Hydralisk  
  143  8:15  Hydralisk  
  143  8:18  Zergling x6  
  149  8:20  Zergling x2  
  149  8:21  Zergling x2  
  149  8:23  Zergling x4  
  149  8:24  Zergling x2  
  149  8:25  Zergling x2  
  155  8:28  Hydralisk  
  155  8:29  Hydralisk  
  155  8:30  Hydralisk  
  161  8:35  Hydralisk x3  
  167  8:45  Overseer, Nydus Network  
  167  8:46  Zerg Melee Weapons Level 2  
  166  8:51  Hydralisk  
  166  8:52  Hydralisk x3  
  174  8:58  Overlord  
  174  8:59  Overlord x2  
  174  9:00  Zergling x2  
  175  9:03  Overlord x2  
  175  9:07  Overlord  
  175  9:08  Overlord  
  175  9:22  Zergling x6  
  174  9:27  Lurker x2  
  174  9:28  Lurker x4  
  174  9:30  Lurker x6  
  174  9:31  Zergling x18  
  187  9:36  Overlord  
  195  9:42  Hydralisk x2  
  191  9:58  Hydralisk x6  
  196  10:01  Hydralisk  
  196  10:02  Hydralisk x3  
  196  10:05  Zergling x4  
  196  10:06  Zergling x6  
  192  10:10  Hydralisk x2  
  192  10:13  Hydralisk  
  192  10:15  Hydralisk  
  192  10:16  Overlord  
  192  10:18  Hydralisk  
  196  10:23  Extractor  
  192  10:37  Hydralisk x2  
  196  10:43  Hatchery  
  196  10:47  Spore Crawler x2  
  196  10:48  Spore Crawler  
  190  10:50  Lurker x4, Spore Crawler  
  192  11:01  Lurker x2  
  191  11:05  Hydralisk  
  191  11:06  Hydralisk x2  
  197  11:13  Hydralisk  
  197  11:14  Hydralisk  
  197  11:15  Hydralisk  
  197  11:16  Zergling x2  
  197  11:17  Zergling x4  
  180  11:21  Hydralisk  
  180  11:22  Hydralisk  
  180  11:23  Hydralisk  
  180  11:25  Zergling x8  
  153  11:29  Hydralisk  
  153  11:31  Zergling x8  
  153  11:38  Hydralisk x3  
  159  11:40  Queen, Zergling x2  
  159  11:45  Hydralisk x3  
  168  11:48  Hydralisk  
  168  11:51  Hydralisk  
  171  11:54  Hydralisk  
  171  11:56  Zergling x6  
  171  12:01  Hydralisk  
  176  12:05  Hydralisk x3  
  182  12:10  Hydralisk  
  182  12:12  Hydralisk  
  182  12:14  Extractor  
  182  12:15  Zergling x8  
  183  12:20  Hydralisk x2  
  180  12:24  Zergling x6  
  174  12:31  Zergling x6  
  174  12:33  Hydralisk  
  160  12:39  Hydralisk x2  
  160  12:41  Nydus Canal  
  160  12:44  Zergling x14  
  165  12:45  Lurker  
  172  12:55  Lurker  
  172  12:56  Zergling x4  
  172  12:57  Hatchery  
  166  13:01  Hydralisk  
  166  13:03  Zergling x2  
  166  13:04  Zergling x2  
  168  13:06  Lurker  
  168  13:08  Zergling x4  
  168  13:11  Zergling x2  
  168  13:12  Zergling x2  
  171  13:14  Lurker  
  171  13:15  Zergling x2  
  171  13:17  Zergling x2  
  171  13:18  Zergling x6  
  170  13:21  Lurker x2  
  170  13:32  Hydralisk  
  170  13:33  Hydralisk x3  
  177  13:35  Zergling x4  
  177  13:39  Hydralisk  
  179  13:43  Hydralisk  
  179  13:44  Hydralisk  
  183  13:49  Zergling x4  
  183  13:53  Lurker x2  
  178  13:56  Zergling x6  
  178  13:57  Zergling x2  
  178  14:01  Lurker  
  182  14:02  Zergling x2  
  182  14:03  Zergling x2  
  182  14:07  Lurker, Zergling x2  
  182  14:08  Zergling x2  
  184  14:16  Zergling x10  
  188  14:22  Lurker  
  188  14:23  Lurker  
  188  14:25  Zergling x6  
  188  14:31  Hydralisk  
  188  14:32  Hydralisk x2  
  188  14:34  Zergling x2  
  192  14:41  Hydralisk  
  192  14:42  Hydralisk x2  
  184  15:00  Hydralisk x5  
  194  15:13  Overseer  
  194  15:17  Lurker  
  194  15:18  Lurker  
  196  15:24  Lurker  
  196  15:25  Zergling x6  
  196  15:38  Lurker x2  
  195  15:45  Hydralisk x2  
  191  15:50  Hydralisk  
  191  15:54  Hydralisk  
  191  15:56  Zergling x2  
  189  15:57  Zergling x4  
  189  16:03  Lurker  
  186  16:21  Lurker x2  
  186  16:22  Lurker  
  182  16:26  Zergling x2  
  182  16:27  Zergling x2  
  182  16:31  Hatchery  
  175  16:40  Hydralisk x3  
  181  16:52  Lurker x2  
  180  16:54  Lurker  
  180  17:00  Overseer  
  180  17:01  Overseer  
  179  17:05  Overseer  
  179  17:08  Zergling x18  
  167  17:23  Hydralisk x2  
  167  17:28  Zergling x2  
  167  17:29  Zergling x2  

Tags
 
Add a new tag
Caveats
  • Supply blocks, unpowered buildings, or Contaminate may cause inaccurate times.
  • Supply counts are checked every 10 seconds.